SAAA
CALGARY LYNX @ SCRANTON SUPERNOVAS
07/21/2029
 
TOP OF THE 1ST
Calgary Lynx batting - Pitching for Scranton Supernovas : RHP Pedro Rodríguez
Pitching: RHP Pedro Rodríguez
Batting: LHB Daniel García 0-0: Ball
1-0: Foul Ball, location: 2F
1-1: Ball
2-1: Fly out, F9 (Flyball, 89M)
Batting: RHB Álex Estrada 0-0: Ball
1-0: Called Strike
1-1: Ball
2-1: Ball
3-1: Called Strike
3-2: Strikes out swinging
Batting: RHB Jesús Martínez 0-0: Ball
1-0: Called Strike
1-1: Fly out, F8 (Flyball, 8LXD)
Top of the 1st over - 0 runs, 0 hits, 0 errors, 0 left on base; Calgary 0 - Scranton 0
BOTTOM OF THE 1ST
Scranton Supernovas batting - Pitching for Calgary Lynx : RHP Juan López
Pitching: RHP Juan López
Batting: SHB Alonso Solís 0-0: Swinging Strike
0-1: Foul Ball, location: 2F
0-2: Strikes out swinging
Batting: RHB Kevin Malone 0-0: Called Strike
0-1: Ground out 5-3 (Groundball, 5)
Batting: RHB Phil Moore 0-0: Ball
1-0: Ball
2-0: Ball
3-0: Called Strike
3-1: Base on Balls
Batting: RHB Felipe Bruno 0-0: Called Strike
0-1: Ball
1-1: Fielders Choice at 2nd, 6-4 (Groundball, 6)
Bottom of the 1st over - 0 runs, 0 hits, 0 errors, 1 left on base; Calgary 0 - Scranton 0
TOP OF THE 2ND
Calgary Lynx batting - Pitching for Scranton Supernovas : RHP Pedro Rodríguez
Batting: RHB Wilson Vega 0-0: Called Strike
0-1: Swinging Strike
0-2: Strikes out looking
Batting: RHB Miguel Rosales 0-0: Ball
1-0: Foul Ball, location: 2F
1-1: Ball
2-1: SINGLE (Line Drive, 5D)
Batting: RHB Logan Namajunas 0-0: DOUBLE (Flyball, 89D)
Miguel Rosales to third
Runner from 3rd tries for Home, SAFE, throw made at trailing runner, OUT at third!
Batting: RHB Tony Farquharson 0-0: Ball
1-0: Called Strike
1-1: Ball
2-1: Ball
3-1: Base on Balls
Batting: RHB Bass Reeves 0-0: Ball
1-0: Ball
2-0: Foul Ball, location: 2F
2-1: Swinging Strike
2-2: Foul Ball, location: 2F
2-2: Strikes out swinging
Top of the 2nd over - 1 run, 2 hits, 0 errors, 1 left on base; Calgary 1 - Scranton 0
BOTTOM OF THE 2ND
Scranton Supernovas batting - Pitching for Calgary Lynx : RHP Juan López
Batting: RHB Martín Álvarez 0-0: Called Strike
0-1: Swinging Strike
0-2: Ball
1-2: Fly out, F9 (Flyball, 89XD)
Batting: RHB Eddie Sachs 0-0: Ball
1-0: Foul Ball, location: 2F
1-1: Ball
2-1: Ball
3-1: Foul Ball, location: 2F
3-2: Foul Ball, location: 2F
3-2: Base on Balls
Batting: RHB Keith MacKey 0-0: Foul Ball, location: 2F
0-1: Swinging Strike
0-2: Foul Ball, location: 2F
0-2: Ball
1-2: Strikes out swinging
Batting: RHB Kent Summey 0-0: Ball
1-0: Fly out, F7 (Flyball, 7S)
Bottom of the 2nd over - 0 runs, 0 hits, 0 errors, 1 left on base; Calgary 1 - Scranton 0
TOP OF THE 3RD
Calgary Lynx batting - Pitching for Scranton Supernovas : RHP Pedro Rodríguez
Batting: RHB Michael Garrett 0-0: Called Strike
0-1: Foul Ball, location: 2F
0-2: Ball
1-2: Ball
2-2: Ball
3-2: Strikes out swinging
Batting: LHB Daniel García 0-0: Ball
1-0: Ball
2-0: Fly out, F9 (Flyball, 9S)
Batting: RHB Álex Estrada 0-0: Fly out, F8 (Flyball, 89S)
Top of the 3rd over - 0 runs, 0 hits, 0 errors, 0 left on base; Calgary 1 - Scranton 0
BOTTOM OF THE 3RD
Scranton Supernovas batting - Pitching for Calgary Lynx : RHP Juan López
Batting: LHB José Pacheco 0-0: Foul Ball, location: 2F
0-1: Ball
1-1: Fly out, F3 (Popup, 3S)
Batting: SHB Alonso Solís 0-0: Foul Ball, location: 2F
0-1: Called Strike
0-2: Strikes out swinging
Batting: RHB Kevin Malone 0-0: Foul Ball, location: 2F
0-1: Foul Ball, location: 2F
0-2: Ball
1-2: Ball
2-2: Foul Ball, location: 2F
2-2: Ball
3-2: Foul Ball, location: 2F
3-2: Foul Ball, location: 2F
3-2: Fly out, F9 (Flyball, 9S)
Bottom of the 3rd over - 0 runs, 0 hits, 0 errors, 0 left on base; Calgary 1 - Scranton 0
TOP OF THE 4TH
Calgary Lynx batting - Pitching for Scranton Supernovas : RHP Pedro Rodríguez
Batting: RHB Jesús Martínez 0-0: Called Strike
0-1: Ball
1-1: Fly out, F8 (Line Drive, 8RD)
Batting: RHB Wilson Vega 0-0: Called Strike
0-1: Ball
1-1: Fly out, F8 (Flyball, 78S)
Batting: RHB Miguel Rosales 0-0: Ball
1-0: Called Strike
1-1: Ball
2-1: Fly out, F8 (Flyball, 8RM)
Top of the 4th over - 0 runs, 0 hits, 0 errors, 0 left on base; Calgary 1 - Scranton 0
BOTTOM OF THE 4TH
Scranton Supernovas batting - Pitching for Calgary Lynx : RHP Juan López
Batting: RHB Phil Moore 0-0: Foul Ball, location: 2F
0-1: Reached via error on a dropped throw, E3
Batting: RHB Felipe Bruno 0-0: Foul Ball, location: 2F
0-1: Ball
1-1: Ball
2-1: Fly out, F3 (Popup, 34S)
Batting: RHB Martín Álvarez 0-0: Called Strike
0-1: Ground out 4-3 (Groundball, 4S)
Phil Moore to second
Batting: RHB Eddie Sachs 0-0: Fly out, F7 (Flyball, 7LM)
Bottom of the 4th over - 0 runs, 0 hits, 1 error, 1 left on base; Calgary 1 - Scranton 0
TOP OF THE 5TH
Calgary Lynx batting - Pitching for Scranton Supernovas : RHP Pedro Rodríguez
Batting: RHB Logan Namajunas 0-0: Ground out 3-1 (Groundball, 34S)
Batting: RHB Tony Farquharson 0-0: Called Strike
0-1: Ground out 6-3 (Groundball, 6)
Batting: RHB Bass Reeves 0-0: Ball
1-0: Foul Ball, location: 2F
1-1: Ball
2-1: Ball
3-1: Base on Balls
Batting: RHB Michael Garrett 0-0: Called Strike
0-1: Ball
1-1: Fly out, F7 (Flyball, 7S)
Top of the 5th over - 0 runs, 0 hits, 0 errors, 1 left on base; Calgary 1 - Scranton 0
BOTTOM OF THE 5TH
Scranton Supernovas batting - Pitching for Calgary Lynx : RHP Juan López
Batting: RHB Keith MacKey 0-0: Foul Ball, location: 2F
0-1: Ball
1-1: Ground out 5-3 (Groundball, 56)
Batting: RHB Kent Summey 0-0: Ball
1-0: Ball
2-0: Ball
3-0: Called Strike
3-1: Base on Balls
Batting: LHB José Pacheco 0-0: Ball
1-0: Ball
2-0: Ball
3-0: Base on Balls
Kent Summey to second
Batting: SHB Alonso Solís 0-0: Ball
1-0: Foul Ball, location: 2F
1-1: Called Strike
1-2: Foul Ball, location: 2F
1-2: Ball
2-2: Foul Ball, location: 2F
2-2: Ball
3-2: Fly out, F9 (Flyball, 9S)
Batting: RHB Kevin Malone 0-0: Called Strike
0-1: Called Strike
0-2: Ball
1-2: Ball
2-2: SINGLE (Groundball, 56D)
Kent Summey to third
José Pacheco to second
Runner from 3rd tries for Home, SAFE, no throw
Batting: RHB Phil Moore 0-0: Ball
1-0: Ball
2-0: Fielders Choice at 2nd, 6-4 (Groundball, 6)
Bottom of the 5th over - 1 run, 1 hit, 0 errors, 2 left on base; Calgary 1 - Scranton 1
TOP OF THE 6TH
Calgary Lynx batting - Pitching for Scranton Supernovas : RHP Pedro Rodríguez
Batting: LHB Daniel García 0-0: Ball
1-0: Fly out, F8 (Flyball, 78D)
Batting: RHB Álex Estrada 0-0: Called Strike
0-1: Ball
1-1: DOUBLE (Line Drive, 7D)
Batting: RHB Jesús Martínez 0-0: Called Strike
0-1: Foul Ball, location: 2F
0-2: Strikes out swinging
Batting: RHB Wilson Vega 0-0: Ball
1-0: 2-RUN HOME RUN (Flyball, 7LD), Distance : 373 ft
Batting: RHB Miguel Rosales 0-0: Foul Ball, location: 2F
0-1: Swinging Strike
0-2: Foul Ball, location: 2F
0-2: Foul Ball, location: 2F
0-2: Ball
1-2: Ball
2-2: Strikes out looking
Top of the 6th over - 2 runs, 2 hits, 0 errors, 0 left on base; Calgary 3 - Scranton 1
BOTTOM OF THE 6TH
Scranton Supernovas batting - Pitching for Calgary Lynx : RHP Juan López
Batting: RHB Felipe Bruno 0-0: Ball
1-0: Called Strike
1-1: Ball
2-1: Ball
3-1: Base on Balls
Batting: RHB Martín Álvarez 0-0: Called Strike
0-1: Reached on error, E6 (Groundball, 6)
Felipe Bruno to second
Batting: RHB Eddie Sachs 0-0: Foul Ball, location: 2F
0-1: Ball
1-1: Swinging Strike
1-2: Strikes out swinging
Batting: RHB Keith MacKey 0-0: Ball
1-0: Ball
2-0: Swinging Strike
2-1: Ground out 2-3 (Groundball, 15S)
Felipe Bruno to third
Martín Álvarez to second
Pitching: RHP Mark Simmons
Batting: RHB Kent Summey 0-0: Called Strike
0-1: Ball
1-1: Foul Ball, location: 2F
1-2: Ball
2-2: Foul Ball, location: 2F
2-2: Fly out, F8 (Flyball, 8RD)
Bottom of the 6th over - 0 runs, 0 hits, 1 error, 2 left on base; Calgary 3 - Scranton 1
TOP OF THE 7TH
Calgary Lynx batting - Pitching for Scranton Supernovas : RHP Pedro Rodríguez
Batting: RHB Logan Namajunas 0-0: Ball
1-0: Ball
2-0: Ground out 5-3 (Groundball, 56)
Batting: RHB Tony Farquharson 0-0: Foul Ball, location: 2F
0-1: Ball
1-1: Swinging Strike
1-2: Ball
2-2: SINGLE (Groundball, 6D)
Pitching: RHP Orlando Ángel
Batting: RHB Bass Reeves 0-0: Ball
1-0: Swinging Strike
1-1: Grounds into double play, 4-6-3 (Groundball, 4)
Top of the 7th over - 0 runs, 1 hit, 0 errors, 0 left on base; Calgary 3 - Scranton 1
BOTTOM OF THE 7TH
Scranton Supernovas batting - Pitching for Calgary Lynx : RHP Mark Simmons
Batting: LHB José Pacheco 0-0: Called Strike
0-1: Called Strike
0-2: Ball
1-2: Foul Ball, location: 2F
1-2: Ball
2-2: Foul Ball, location: 2F
2-2: Ball
3-2: DOUBLE (Line Drive, 89D)
Batting: SHB Alonso Solís 0-0: Called Strike
0-1: Foul Ball, location: 2F
0-2: Ball
1-2: Foul Ball, location: 2F
1-2: Foul Ball, location: 2F
1-2: Ball
2-2: SINGLE (Line Drive, 7LS)
José Pacheco to third
Batting: RHB Kevin Malone 0-0: Called Strike
0-1: Ball
1-1: Ball
2-1: Foul Ball, location: 2F
2-2: Foul Ball, location: 2F
2-2: Ball
3-2: Foul Ball, location: 2F
3-2: Foul Ball, location: 2F
3-2: Strikes out looking
Pitching: RHP Alfonso Vera
Batting: RHB Phil Moore 0-0: Called Strike
0-1: Ball
1-1: Foul Ball, location: 2F
1-2: Ball
2-2: Strikes out swinging
Batting: RHB Felipe Bruno 0-0: Ball
1-0: Swinging Strike
1-1: Ball
2-1: Foul Ball, location: 2F
2-2: SINGLE (Line Drive, 7LS)
José Pacheco scores
Alonso Solís to second
Batting: RHB Martín Álvarez 0-0: Called Strike
0-1: Foul Ball, location: 2F
0-2: Strikes out swinging
Bottom of the 7th over - 1 run, 3 hits, 0 errors, 2 left on base; Calgary 3 - Scranton 2
TOP OF THE 8TH
Calgary Lynx batting - Pitching for Scranton Supernovas : RHP Orlando Ángel
Batting: RHB Michael Garrett 0-0: Fly out, F9 (Flyball, 9D)
Batting: LHB Daniel García 0-0: Ball
1-0: Ball
2-0: Foul Ball, location: 2F
2-1: Ball
3-1: Called Strike
3-2: Foul Ball, location: 2F
3-2: Base on Balls
Batting: RHB Álex Estrada 0-0: Ball
1-0: Ball
2-0: Ball
3-0: Base on Balls
Daniel García to second
Batting: RHB Jesús Martínez 0-0: Ball
1-0: Reached on error, E6 (Groundball, 6M)
Daniel García to third
Álex Estrada to second
Batting: RHB Wilson Vega 0-0: Foul Ball, location: 2F
0-1: Foul Ball, location: 2F
0-2: Foul Ball, location: 2F
0-2: Foul Ball, location: 2F
0-2: SINGLE (Line Drive, 34D)
Daniel García scores
Álex Estrada to third
Jesús Martínez to second
Runner from 3rd tries for Home, SAFE, no throw
Batting: RHB Miguel Rosales 0-0: Foul Ball, location: 2F
0-1: 3-RUN HOME RUN (Flyball, 7LD), Distance : 355 ft
Pitching: LHP Rob Smith
Batting: RHB Logan Namajunas 0-0: Ground out 5-3 (Groundball, 56)
Batting: RHB Tony Farquharson 0-0: Ball
1-0: Foul Ball, location: 2F
1-1: Ball
2-1: Swinging Strike
2-2: Foul Ball, location: 2F
2-2: Foul Ball, location: 2F
2-2: Strikes out looking
Top of the 8th over - 5 runs, 2 hits, 1 error, 0 left on base; Calgary 8 - Scranton 2
BOTTOM OF THE 8TH
Scranton Supernovas batting - Pitching for Calgary Lynx : RHP Alfonso Vera
Batting: RHB Eddie Sachs 0-0: Ground out 6-3 (Groundball, 6S)
Batting: RHB Keith MacKey 0-0: Called Strike
0-1: Ball
1-1: Swinging Strike
1-2: Ball
2-2: Foul Ball, location: 2F
2-2: Ball
3-2: Base on Balls
Batting: RHB Kent Summey 0-0: Swinging Strike
0-1: Foul Ball, location: 2F
0-2: Foul Ball, location: 2F
0-2: Strikes out swinging
Pitching: RHP Bill Ball
Batting: LHB José Pacheco 0-0: Ball
1-0: Ground out U3 (Groundball, 3)
Bottom of the 8th over - 0 runs, 0 hits, 0 errors, 1 left on base; Calgary 8 - Scranton 2
TOP OF THE 9TH
Calgary Lynx batting - Pitching for Scranton Supernovas : LHP Rob Smith
Batting: RHB Bass Reeves 0-0: Fly out, F4 (Popup, 4MD)
Batting: RHB Michael Garrett 0-0: Ground out U3 (Groundball, 34S)
Batting: LHB Daniel García 0-0: Ball
1-0: Ball
2-0: Swinging Strike
2-1: Foul Ball, location: 2F
2-2: Strikes out swinging
Top of the 9th over - 0 runs, 0 hits, 0 errors, 0 left on base; Calgary 8 - Scranton 2
BOTTOM OF THE 9TH
Scranton Supernovas batting - Pitching for Calgary Lynx : RHP Bill Ball
Batting: SHB Alonso Solís 0-0: Called Strike
0-1: Ball
1-1: Ground out U3 (Groundball, 3L)
Batting: RHB Kevin Malone 0-0: Ground out 5-3 (Groundball, 5S)
Batting: RHB Phil Moore 0-0: Called Strike
0-1: Ball
1-1: Ball
2-1: Swinging Strike
2-2: Foul Ball, location: 2F
2-2: Ball
3-2: Foul Ball, location: 2F
3-2: Foul Ball, location: 2F
3-2: Foul Ball, location: 2F
3-2: Ground out 6-3 (Groundball, 6M)
Bottom of the 9th over - 0 runs, 0 hits, 0 errors, 0 left on base; Calgary 8 - Scranton 2
Tuesday, December 19th, 2017 - OOTP Baseball 18.8 Build 76